 Dungeon Crawl Stone Soup version 0.26-a0-712-ga5a9c9c9d0 (webtiles) character file.

Game seed: 14999266474258487671

102 Inarius the Skirmisher (level 4, -7/36 HPs)
             Began as a Draconian Chaos Knight on Nov 1, 2020.
             Was a Plaything of Xom.
             Killed from afar by an orc wizard (12 damage)
             ... with a puff of frost
             ... on level 2 of the Dungeon.
             The game lasted 00:01:50 (1888 turns).

Inarius the Skirmisher (Draconian Chaos Knight)     Turns: 1888, Time: 00:01:50

Health: -7/36      AC:  7    Str: 16    XL:     4   Next: 50%
Magic:  4/4        EV: 12    Int: 12    God:    Xom [..*...]
Gold:   196        SH:  0    Dex: 10    Spells: 3/3 levels left

rFire    . . .     SeeInvis .   a - +0 hand axe (chaos)
rCold    . . .     Faith    .   (no shield)
rNeg     . . .     Spirit   .   (armour unavailable)
rPois    .         Reflect  .   (helmet restricted)
rElec    .         Harm     .   c - +0 cloak
rCorr    .         Rampage  .   (no gloves)
MR       .....                  k - +0 pair of boots
Stlth    +.........             (no amulet)
HPRegen  0.12/turn              (no ring)
MPRegen  0.09/turn              (no ring)

@: no status effects
A: unfitting armour, horns 1, frail 1, high mp 1, cold-blooded, AC +5
a: Renounce Religion


You were on level 2 of the Dungeon.
You worshipped Xom.
You were a toy of Xom.
You visited 1 branch of the dungeon, and saw 3 of its levels.

You collected 196 gold pieces.

Inventory:

Hand Weapons
 a - a +0 hand axe of chaos (weapon)
Armour
 c - a +0 cloak (worn)
 k - a +0 pair of boots (worn)
Jewellery
 l - an uncursed amulet of guardian spirit {unknown}
Scrolls
 b - a scroll of remove curse {unknown}
 e - 4 scrolls of teleportation {unknown}
 f - a scroll of immolation {unknown}
 g - a scroll of noise {unknown}
 h - a scroll of enchant weapon {unknown}
 i - 2 scrolls of identify {unknown}
 m - a scroll of amnesia {unknown}
 n - 2 scrolls of magic mapping {unknown}
 o - a scroll of fog {unknown}
Potions
 d - a potion of curing {unknown}
 j - a potion of mutation


   Skills:
 + Level 4.2 Fighting
 + Level 4.1 Axes
 + Level 2.8 Dodging
 + Level 0.5 Stealth


You had 3 spell levels left.
You didn't know any spells.
Your spell library was empty.

Dungeon Overview and Level Annotations

Branches:
Dungeon (3/15)

Altars:
The Shining One


Innate Abilities, Weirdness & Mutations

Your plain brown scales are hard. (AC +5)
You cannot fit into any form of body armour.
You are cold-blooded and may be slowed by cold attacks.
You have a pair of small horns on your head.
You are frail. (-10% HP)
You have an increased reservoir of magic. (+10% MP)


Message History

Deactivating autopickup; reactivate with Ctrl-A.
You hit something but do no damage.
Nothing appears to happen.
Your tail-slap misses something.
Something hits you but does no damage. x2
You aren't carrying any items that you can evoke.
Unknown command.
Unknown command.
You barely miss something.
Your tail-slap misses something.
You hear some strange, mumbled words.
A puff of frost appears from out of thin air!
The puff of frost hits you!
* * * LOW HITPOINT WARNING * * *
You barely miss something.
Your tail-slap misses something.
Something barely misses you. Something hits you.
* * * LOW HITPOINT WARNING * * *
It was a potion of mutation.
You feel extremely strange.
You feel frail.
You feel more energetic. A pair of horns grows on your head!
You hear some strange, mumbled words.
A puff of frost appears from out of thin air!
The puff of frost hits you!
You die...

###### #....#
###....###########
..'..).+.......{@#
###....#.###.#####
#.........##.#
#.###........#
....#.##.....#
#.#.#.##.....#
#.#.#.##.....#
#+#.#........#
.............#


There were no monsters in sight!

Vanquished Creatures
  4 adders (D:2)
  An ooze (D:1)
  2 worms (D:2)
  A leopard gecko (D:1)
  7 orcs (D:3)
  3 giant cockroaches
  5 hobgoblins
  2 jackals (D:1)
  7 bats
  6 frilled lizards
  2 goblins (D:3)
  9 kobolds
  4 rats
53 creatures vanquished.

Notes
Turn   | Place    | Note
-------+----------+-------------------------------------------
     0 | D:1      | Inarius the Draconian Chaos Knight began the quest for the
                  | Orb.
     0 | D:1      | Reached XP level 1. HP: 19/19 MP: 1/1
   276 | D:1      | XOM: divination: magic mapping
   324 | D:1      | Reached XP level 2. HP: 18/26 MP: 2/2
   787 | D:1      | XOM: silly message
   927 | D:2      | Reached XP level 3. HP: 33/33 MP: 3/3
   957 | D:2      | Found a glowing golden altar of the Shining One.
  1202 | D:2      | Reached XP level 4. HP: 30/40 MP: 4/4
  1292 | D:2      | XOM: silly message
  1385 | D:2      | XOM: silly message
  1415 | D:2      | XOM: silly message
  1874 | D:3      | XOM: butterfly on damage
  1888 | D:2      | Gained mutation: You are frail. (-10% HP) [potion of
                  | mutation]
  1888 | D:2      | Gained mutation: You have an increased reservoir of magic.
                  | (+10% MP) [potion of mutation]
  1888 | D:2      | Gained mutation: You have a pair of small horns on your
                  | head. [potion of mutation]
  1888 | D:2      | Killed from afar by an orc wizard

Illustrated notes

Levels and vault maps discovered:
D:1:      erik_arrival_cave_to_civilisation [erik_arrival_cave_to_hall],
          layout_basic
D:2:      layout_basic, lemuel_doored_altar, minmay_3d_cube
D:3:      layout_basic, minmay_misc_feat_alley

Skill      XL: |  1  2  3 |
---------------+----------+-----
Fighting       | 4 |  4.2
Axes           | 4 |  4.1
Dodging        | |  2.8
Stealth        | |  0.5

Action                   |  1- 3 |  4- 6 || total
-------------------------+-------+-------++-------
Melee: Hand axe          |   107 |    43 ||   150
       Tailslap          |     5 |     4 ||     9
  Use: Potion            |       |     1 ||     1
 Stab: Sleeping          |     1 |     1 ||     2
Armor: Skin              |    62 |    19 ||    81
Dodge: Dodged            |    85 |    22 ||   107

Table legend: (Time is in decaauts)
 A = Elapsed time spent in this place.
 B = Non-inter-level travel time spent in this place.
 C = Inter-level travel time spent in this place.
 D = Time resting spent in this place.
 E = Time spent auto-exploring this place.
 F = Levels seen in this place.
 G = Mean time per level.
                   A        B        C        D        E       F      G
               +--------+--------+--------+--------+--------+-----+--------+
         Total |   1906 |   1882 |     24 |      5 |   1504 |   3 |  635.3 |
       Dungeon |   1906 |   1882 |     24 |      5 |   1504 |   3 |  635.3 |
               +--------+--------+--------+--------+--------+-----+--------+

Top non-repeatable levels by time:
     D:2: 926 daAuts
     D:1: 877 daAuts
     D:3: 102 daAuts
